 Dungeon Crawl Stone Soup version 0.31.0-12-g77e489cdc1 (webtiles) character file.

Game seed: 8513365163902008374

133 Gadfly the Ruffian (level 4, -6/33 HPs)
             Began as a Demonspawn Shapeshifter on Feb 23, 2024.
             Mangled by a gnoll
             ... wielding a +0 whip
             ... led by a gnoll bouda
              (8 damage)
             ... on level 3 of the Dungeon.
             The game lasted 00:06:07 (3046 turns).

Gadfly the Ruffian (Demonspawn Shapeshifter)        Turns: 3046, Time: 00:06:07

Health: -6/33      AC:  2    Str: 17    XL:     4   Next: 93%
Magic:  4/4        EV: 14    Int: 10    God:
Gold:   88         SH:  0    Dex: 12    Spells: 3/3 levels left

rFire   . . .        b - +2 dagger (venom)
rCold   . . .        (no shield)
rNeg    . . .        a - +0 animal skin
rPois   .            j - melded +0 helmet
rElec   .            f - melded +0 cloak
rCorr   .            r - melded +0 pair of gloves
SInv    .            e - melded +0 pair of boots
Will    +....        i - amulet of faith
Stlth   +            (no ring)
HPRegen 0.25/turn    (no ring)
MPRegen 0.09/turn

%: faith
@: beast-form, enlightened, flying
A: beast (slay +1), repulsion field 1
a: Begin Untransformation


You were on level 3 of the Dungeon.
You were a hulking beast.
You visited 1 branch of the dungeon, and saw 3 of its levels.

You collected 88 gold pieces.

Inventory:

Hand Weapons
 b - a +2 dagger of venom (weapon)
 p - a +1 mace of protection
Armour
 a - a +0 animal skin (worn)
 e - a +0 pair of boots (melded)
 f - a +0 cloak (melded)
 j - a +0 helmet (melded)
 r - a +0 pair of gloves (melded)
Jewellery
 i - an amulet of faith (around neck)
Talismans
 c - a beast talisman (active)
 d - a flux talisman
Scrolls
 g - 3 scrolls of identify
 l - 2 scrolls of poison
 n - a scroll of blinking {unknown}
Potions
 m - 2 potions of ambrosia
 o - 2 potions of brilliance {unknown}
 q - a potion of lignification


   Skills:
 + Level 2.1 Fighting
 + Level 2.6 Dodging
 * Level 3.5 Unarmed Combat
 + Level 1.7 Evocations
 + Level 3.1 Shapeshifting


You had 3 spell levels left.
You didn't know any spells.
Your spell library contained the following spells:

 Spells                   Type           Power      Damage    Failure   Level
 Apportation              Tloc           0%         N/A       36%         1
 Necrotise                Necr           0%         1d4       36%         1
 Shock                    Conj/Air       0%         1d3       36%         1
 Sting                    Conj/Alch      0%         1d3       36%         1
 Summon Small Mammal      Summ           0%         N/A       36%         1
 Swiftness                Air            0%         N/A       75%         3
 Airstrike                Air            0%         2d(0-16)  98%         4


Dungeon Overview and Level Annotations

Branches:
Dungeon (3/15)

Altars:


Innate Abilities, Weirdness & Mutations

You are a hulking beast.
Your limbs bulge with bestial killing power. (Slay +1)
You are surrounded by a mild repulsion field. (EV +2)


Message History

You barely miss the gnoll.
The gnoll is almost dead.
Your attacks no longer feel as feeble.
You kill the gnoll!
The gnoll barely misses you.
You hit the gnoll bouda but do no damage.
The gnoll bouda is poisoned.
The gnoll hits you with a +0 whip. The gnoll misses you.
The gnoll bouda misses you.
You hit the gnoll bouda but do no damage.
The gnoll bouda looks as sick as possible!
The gnoll hits you with a +0 whip! The gnoll hits you with a +0 club.
* * * LOW HITPOINT WARNING * * *
The gnoll bouda misses you.
You are too injured to fight recklessly!
You are too injured to fight recklessly!
You are too injured to fight recklessly!
You are too injured to fight recklessly!
You are too injured to fight recklessly!
You are too injured to fight recklessly!
You are too injured to fight recklessly!
You are too injured to fight recklessly!
You are too injured to fight recklessly!
You are too injured to fight recklessly!
You are too injured to fight recklessly!
You are too injured to fight recklessly!
You are too injured to fight recklessly!
Unknown command.
The gnoll hits you with a +0 whip.
* * * LOW HITPOINT WARNING * * *
The gnoll attacks as it pursues you! The gnoll completely misses you.
You feel better. The gnoll closely misses you. The gnoll barely misses you.
The gnoll hits you with a +0 club.
* * * LOW HITPOINT WARNING * * *
The gnoll hits you with a +0 whip.
* * * LOW HITPOINT WARNING * * *
The gnoll barely misses you.
The gnoll is no longer moving quickly.
You feel very buoyant.
You fly up into the air.
The gnoll hits you with a +0 whip!
You die...

##...##.# .....##.# ...#.##.#
......# ........# #...##
.#####.## #!)#.. .# #†####
#g.#.# .# #†...# #g.#.# .#
#[##.# #..#.######
)#####.##.########gr........
.......#........hg....######.>
.##.####..##########..........
..........# ##.........
....#####.### #.####.#### #
.#### #.....# #.# #.##....
#.#####.#.#.##### #.# #.......
##..............# #.# #.##.##.
#.#####.#.#.###.# #.# #.##.##.
.######.....# #.# #.#
##.##.##.


You could see 2 gnolls and a rat.

Vanquished Creatures
  2 gnolls (D:3)
  4 adders
  3 dart slugs
  A ribbon worm (D:2)
  7 ball pythons
  7 endoplasms
  4 giant cockroaches
  4 hobgoblins
  8 jackals
  4 kobolds
  5 quokkas
  4 bats
  4 frilled lizards
  4 goblins
  6 rats
67 creatures vanquished.

Notes
Turn   | Place    | Note
-------+----------+-------------------------------------------
     0 | D:1      | Gadfly the Demonspawn Shapeshifter began the quest for the
                  | Orb.
     0 | D:1      | Reached XP level 1. HP: 15/15 MP: 1/1
   259 | D:1      | Gained mutation: You are surrounded by a mild repulsion
                  | field. (EV +2) [demonic ancestry]
   259 | D:1      | Reached XP level 2. HP: 19/21 MP: 2/2
   770 | D:1      | Reached skill level 1 in Evocations
   770 | D:1      | Reached XP level 3. HP: 26/26 MP: 3/3
  1518 | D:2      | Found a faded altar of an unknown god.
  1920 | D:2      | Reached XP level 4. HP: 23/33 MP: 4/4
  3039 | D:3      | HP: 1/33 [gnoll/+0 whip[a gnoll bouda] (5)]
  3046 | D:3      | Mangled by a gnoll

Illustrated notes

Levels and vault maps discovered:
D:1:      minmay_arrival_arboretum_small, layout_basic, serial_forest,
          infiniplex_forest_end_2, infiniplex_forest_end_2,
          infiniplex_forest_lined_room_, infiniplex_forest_straight_5,
          infiniplex_forest_lined_3, infiniplex_forest_lined_room_2,
          dreamdust_princess_bridge, minmay_heptomino_d4
D:2:      layout_basic, hellmonk_ecumenical_altar_crossroads,
          serial_bayou_pond_d
D:3:      layout_loops_ring, kennysheep_cross_room, grunt_ministairs_4

Skill      XL: |  1  2  3  4 |
---------------+-------------+-----
Dodging        | 2 |  2.6
Evocations     | 1 |  1.7
Unarmed Combat | 3 |  3.5
Shapeshifting  | 3 |  3.1
Fighting       | 2 |  2.1

Action                     |  1- 3 |  4- 6 || total
---------------------------+-------+-------++-------
  Melee: Unarmed           |   175 |     8 ||   183
         Punch             |     3 |     2 ||     5
         Dagger            |       |    42 ||    42
Ability: Begin Untransform |     3 |     1 ||     4
    Use: Scroll            |     7 |     3 ||    10
         Potion            |       |     2 ||     2
   Stab: Sleeping          |     4 |     1 ||     5
 Armour: Animal skin       |    78 |    22 ||   100
  Dodge: Dodged            |   132 |    40 ||   172
   Form: Beast             |     3 |     1 ||     4
